 Dungeon Crawl Stone Soup version 0.31.0-32-g396128a36d (webtiles) character file.

Game seed: 10254945082764432059

123 DEADISDEAD the Cudgeller (level 5, -2/38 HPs)
             Began as a Human Wanderer on Apr 25, 2024.
             Succumbed to a kobold's poison
             ... on level 2 of the Dungeon.
             The game lasted 00:06:55 (2268 turns).

DEADISDEAD the Cudgeller (Human Wanderer)           Turns: 2268, Time: 00:06:56

Health: -2/38      AC:  5    Str: 12    XL:     5   Next: 7%
Magic:  6/6        EV: 10    Int: 14    God:
Gold:   128        SH:  0    Dex: 13    Spells: 6/6 levels left

rFire   . . .        u - +0 halberd
rCold   . . .        (shield currently unavailable)
rNeg    . . .        m - +0 ring mail
rPois   .            (no helmet)
rElec   .            (no cloak)
rCorr   .            (no gloves)
SInv    .            (no boots)
Will    .....        (no amulet)
Stlth   +            (no ring)
HPRegen 0.26/turn    (no ring)
MPRegen 0.10/turn

%: no passive effects
@: lethally poisoned (-2 -> -20)
A: explore regen
a: no special abilities


You were on level 2 of the Dungeon.
You visited 1 branch of the dungeon, and saw 3 of its levels.

You collected 128 gold pieces.

Inventory:

Hand Weapons
 a - a +0 dagger
 g - a +0 spear
 h - a +0 mace
 u - a +0 halberd (weapon)
Missiles
 b - 4 throwing nets (quivered)
 o - 19 stones
Armour
 e - a +0 leather armour
 l - a +0 cloak
 m - a +0 ring mail (worn)
Wands
 c - a wand of polymorph (7)
Scrolls
 f - 2 scrolls of identify {unknown}
 j - 2 scrolls of teleportation {unknown}
 p - a scroll of poison {unknown}
 s - a scroll of amnesia {unknown}
 t - a scroll of fog {unknown}
 v - a scroll of brand weapon {unknown}
 w - a scroll of noise {unknown}
Potions
 d - a potion of berserk rage
 i - 4 potions of lignification {unknown}
 k - a potion of haste {unknown}
 n - a potion of heal wounds {unknown}
 q - a potion of might {unknown}
 r - a potion of invisibility {unknown}


   Skills:
 - Level 2.2 Fighting
 - Level 3.7 Maces & Flails
 + Level 1.8 Polearms
 - Level 2.0 Dodging
 - Level 1.0 Spellcasting
 - Level 2.0 Hexes
 - Level 1.0 Invocations
 - Level 2.0 Evocations


You had 6 spell levels left.
You didn't know any spells.
Your spell library contained the following spells:

 Spells                   Type           Power      Damage    Failure   Level
 Jinxbite                 Hex            12%        N/A       36%         2
 Magic Dart               Conj           0%         1d3       52%         1
 Ensorcelled Hibernation  Hex/Ice        6%         N/A       52%         2
 Searing Ray              Conj           0%         2d4       65%         2
 Fulminant Prism          Conj/Alch      0%         3d5       99%         4


Dungeon Overview and Level Annotations

Branches:
Dungeon (3/15)

Altars:

Annotations:
D:1 exclusion: downstairs


Innate Abilities, Weirdness & Mutations

You regain HP and MP as you explore.


Message History

Unknown command.
Found a whip.
The orc attacks as it pursues you! The orc completely misses you.
The orc hits you but does no damage. The orc barely misses you.
The orc hits you with a +0 dagger.
There is a stone staircase leading up here.
You hit the orc.
The orc is almost dead.
The orc hits you but does no damage. The orc hits you with a +0 dagger.
You barely miss the orc.
The orc is almost dead.
The orc hits you with a +0 short sword. The orc hits you with a +0 dagger.
The orc closely misses you.
You closely miss the orc.
The orc is almost dead.
The orc hits you with a +0 dagger. The orc barely misses you. x2
You barely miss the orc.
The orc is almost dead.
The kobold hits you with a +3 whip of venom.
You are poisoned.
The orc barely misses you. The orc hits you with a +0 dagger.
The kobold closely misses you. The orc misses you.
You hit the orc.
You kill the orc!
You feel very sick. The kobold misses you. The orc completely misses you.
You closely miss the kobold.
You feel sick. The kobold hits you but does no damage.
You are more poisoned.
The orc hits you with a +0 short sword.
The kobold hits you with a +3 whip of venom.
The orc hits you with a +0 short sword.
* * * LOW HITPOINT WARNING * * *
* * * LOW HITPOINT WARNING * * *
You feel sick.
The kobold hits you with a +3 whip of venom.
* * * LOW HITPOINT WARNING * * *
You are more poisoned.
The orc hits you but does no damage.
You climb upwards.
You die...

##.......###.#.##.....##.....##
##...........###..............#
#..####...###.#.##.....##.....##
#....##.#.# ##.####...###.......
#.##....#.# #.# ##### ########
##.##.#.##.####.#
#..#....##......#
...#.##....####K##
.....####.......@#
##........#####o.# #....##.##
#..# #####.#### #..# .........#
#..# ###...##.# #..# #.#.##.#
###..# ###.#.##.# #....#
..#.#.##.# #.##รท#


You could see an orc and a kobold.

Vanquished Creatures
  3 adders
  3 gnolls (D:2)
  3 dart slugs
  An orc (D:3)
  4 ball pythons
  5 bats
  An endoplasm (D:2)
  2 giant cockroaches (D:2)
  4 hobgoblins
  11 jackals
  4 kobolds
  3 quokkas
  4 frilled lizards (D:1)
  6 goblins
  2 rats
56 creatures vanquished.

Notes
Turn   | Place    | Note
-------+----------+-------------------------------------------
     0 | D:1      | DEADISDEAD the Human Wanderer began the quest for the Orb.
     0 | D:1      | DEADISDEAD set off with the following items: a +0 dagger, 4
                  | throwing nets, a wand of polymorph (7), a potion of berserk
                  | rage, a +0 leather armour; and the following spells
                  | available to memorise: Jinxbite, Ensorcelled Hibernation.
     0 | D:1      | Reached XP level 1. HP: 16/16 MP: 2/2
   245 | D:1      | Reached skill level 1 in Maces & Flails
   245 | D:1      | Reached XP level 2. HP: 22/22 MP: 3/3
   921 | D:1      | Reached skill level 2 in Maces & Flails
  1093 | D:2      | Reached XP level 3. HP: 22/27 MP: 4/4
  1273 | D:2      | Reached skill level 3 in Maces & Flails
  1301 | D:2      | Reached XP level 4. HP: 17/33 MP: 5/5
  1867 | D:2      | Reached skill level 1 in Polearms
  2186 | D:3      | Reached XP level 5. HP: 26/38 MP: 6/6
  2268 | D:2      | Succumbed to a kobold's poison

Illustrated notes

Levels and vault maps discovered:
D:1:      shiori_arrival_maze, layout_basic, hangedman_decor_opposing
D:2:      layout_loops_ring, minmay_hexomino_p4
D:3:      layout_basic, serial_shops, nicolae_square_shop,
          kennysheep_generic_room_11

Skill      XL: |  1  2  3  4 |
---------------+-------------+-----
Maces & Flails | 1 2 3 |  3.7
Polearms       | 1 |  1.8
Fighting       | |  2.2
Dodging        | |  2.0
Spellcasting   | |  1.0
Hexes          | |  2.0
Invocations    | |  1.0
Evocations     | |  2.0

Action                     |  1- 3 |  4- 6 || total
---------------------------+-------+-------++-------
  Melee: Mace              |   108 |    64 ||   172
         Dagger            |     8 |       ||     8
         Spear             |     7 |       ||     7
         Punch             |     3 |       ||     3
         Halberd           |       |    50 ||    50
   Stab: Sleeping          |     1 |       ||     1
 Armour: Leather armour    |    28 |       ||    28
         Ring mail         |    60 |    96 ||   156
  Dodge: Dodged            |    78 |    91 ||   169
